[ AOE2 MATCH · #482171119 ]
Team RMPersians vs Goths
[ REPLAY ANALYSIS · EXTRACTED FROM THE RECORDED GAME ]
Feudal
17:52
Castle
32:37
Imperial
—
| APM avg | 19.9 |
| APM peak | 67 |
| eAPM avg | 12.5 |
| Villagers / military | 80 / 72 |
Focus
⚔️ 25.6% · 🌾 74.4%
Scorpion ×49 · Spearman ×17 · Militia ×6
Feudal
12:35
Castle
16:32
Imperial
29:34
| APM avg | 42.6 |
| APM peak | 67 |
| eAPM avg | 26.5 |
| Villagers / military | 169 / 391 |
Focus
⚔️ 28.2% · 🌾 71.8%
Huskarl ×336 · Scorpion ×30 · Battering Ram ×15 · Fishing Ship ×8 · Petard ×6 · Mangonel ×3
Feudal
11:28
Castle
21:22
Imperial
32:16
| APM avg | 28.8 |
| APM peak | 75 |
| eAPM avg | 15.0 |
| Villagers / military | 128 / 54 |
Focus
⚔️ 20.0% · 🌾 80.0%
Archer ×52 · Monk ×2
Feudal
11:37
Castle
26:08
Imperial
—
| APM avg | 25.9 |
| APM peak | 69 |
| eAPM avg | 19.4 |
| Villagers / military | 238 / 40 |
Focus
⚔️ 18.1% · 🌾 81.9%
Militia ×28 · Battering Ram ×6 · Monk ×3 · Mangonel ×2 · Spearman ×1
Feudal
12:54
Castle
29:32
Imperial
48:28
| APM avg | 24.0 |
| APM peak | 47 |
| eAPM avg | 14.9 |
| Villagers / military | 98 / 258 |
Focus
⚔️ 39.9% · 🌾 60.1%
Militia ×235 · Battering Ram ×14 · Spearman ×5 · Warrior Priest ×4
Feudal
13:40
Castle
27:49
Imperial
—
| APM avg | 9.9 |
| APM peak | 38 |
| eAPM avg | 6.8 |
| Villagers / military | 65 / 8 |
Focus
⚔️ 8.1% · 🌾 91.9%
Trade Cart ×12 · Militia ×8 · Fishing Ship ×2
Match map
Initial resources + every placement click. Lines = walls · curves = elevation contours. ◆ gold · ⬟ stone · ● berries · ✦ relic · ◌ wall gap
Inputs per minute
— King Den - - Bry.D
Build order — King Den
First 150 of 237 actions detected
| 0:01 | Create | Villager (Male) |
| 0:01 | Create | Villager (Male) |
| 0:02 | Build | House |
| 0:05 | Build | House |
| 0:06 | Build | House |
| 0:24 | Create | Villager (Male) |
| 0:54 | Create | Villager (Male) |
| 0:55 | Create | Villager (Male) |
| 1:06 | Research | Loom |
| 1:07 | Create | Villager (Male) |
| 1:07 | Create | Villager (Male) |
| 1:08 | Create | Villager (Male) |
| 1:33 | Create | Villager (Male) |
| 2:51 | Build | Palisade Wall |
| 3:29 | Create | Villager (Male) |
| 3:29 | Create | Villager (Male) |
| 3:29 | Create | Villager (Male) |
| 3:29 | Create | Villager (Male) |
| 3:30 | Create | Villager (Male) |
| 4:20 | Build | Palisade Wall |
| 4:26 | Create | Villager (Male) |
| 4:26 | Create | Villager (Male) |
| 4:27 | Create | Villager (Male) |
| 4:43 | Build | House |
| 4:53 | Build | House |
| 4:55 | Build | House |
| 4:59 | Build | House |
| 5:09 | Create | Villager (Male) |
| 5:10 | Create | Villager (Male) |
| 6:28 | Create | Villager (Male) |
| 6:28 | Create | Villager (Male) |
| 6:28 | Create | Villager (Male) |
| 6:28 | Create | Villager (Male) |
| 7:10 | Create | Villager (Male) |
| 7:10 | Create | Villager (Male) |
| 8:20 | Build | Mining Camp |
| 8:28 | Create | Villager (Male) |
| 8:29 | Create | Villager (Male) |
| 9:07 | Build | Lumber Camp |
| 9:15 | Create | Villager (Male) |
| 9:15 | Create | Villager (Male) |
| 9:16 | Create | Villager (Male) |
| 9:16 | Create | Villager (Male) |
| 10:08 | Create | Villager (Male) |
| 10:08 | Create | Villager (Male) |
| 10:59 | Create | Villager (Male) |
| 11:11 | Build | Mill |
| 12:01 | Create | Villager (Male) |
| 12:01 | Create | Villager (Male) |
| 12:02 | Create | Villager (Male) |
| 12:02 | Create | Villager (Male) |
| 12:27 | Build | House |
| 12:40 | Create | Villager (Male) |
| 12:40 | Create | Villager (Male) |
| 13:17 | Build | House |
| 13:39 | Create | Villager (Male) |
| 13:39 | Create | Villager (Male) |
| 14:57 | Build | House |
| 15:03 | Build | House |
| 15:45 | Create | Villager (Male) |
| 15:48 | Research | Feudal Age |
| 15:57 | Build | Lumber Camp |
| 16:31 | Create | Villager (Male) |
| 16:32 | Create | Villager (Male) |
| 17:52 | Age | Feudal Age |
| 17:59 | Research | Horse Collar |
| 18:00 | Create | Villager (Male) |
| 18:05 | Build | House |
| 18:06 | Build | House |
| 18:08 | Build | House |
| 18:14 | Build | Farm |
| 18:16 | Build | Farm |
| 18:17 | Build | Farm |
| 18:18 | Build | Farm |
| 18:19 | Build | Farm |
| 18:20 | Build | Farm |
| 18:22 | Build | Farm |
| 18:23 | Build | Farm |
| 18:34 | Build | Farm |
| 18:35 | Build | Farm |
| 18:37 | Build | Farm |
| 18:38 | Build | Farm |
| 18:39 | Build | Farm |
| 18:41 | Build | Farm |
| 18:42 | Build | Farm |
| 19:27 | Build | Stone Wall |
| 19:43 | Build | Stone Wall |
| 21:44 | Build | Lumber Camp |
| 22:20 | Create | Villager (Male) |
| 22:20 | Create | Villager (Male) |
| 22:20 | Create | Villager (Male) |
| 22:39 | Build | Stone Wall |
| 22:43 | Build | Building 673 |
| 23:19 | Build | Mining Camp |
| 23:36 | Build | Barracks |
| 24:01 | Create | Villager (Male) |
| 24:01 | Create | Villager (Male) |
| 24:59 | Create | Villager (Male) |
| 25:00 | Create | Villager (Male) |
| 25:22 | Build | Market |
| 25:32 | Build | House |
| 25:32 | Build | House |
| 25:33 | Build | House |
| 25:33 | Build | House |
| 25:34 | Build | House |
| 25:35 | Build | House |
| 25:37 | Build | House |
| 25:38 | Build | House |
| 25:39 | Build | House |
| 25:41 | Build | House |
| 25:54 | Create | Spearman |
| 25:55 | Create | Militia |
| 25:55 | Research | Man-at-Arms (upgrade) |
| 26:14 | Build | Stone Wall |
| 26:27 | Build | Stone Wall |
| 27:07 | Create | Spearman |
| 27:07 | Create | Spearman |
| 27:08 | Create | Spearman |
| 27:25 | Build | Blacksmith |
| 27:32 | Create | Villager (Male) |
| 27:33 | Create | Villager (Male) |
| 27:34 | Create | Villager (Male) |
| 27:34 | Create | Villager (Male) |
| 27:35 | Create | Villager (Male) |
| 27:35 | Create | Villager (Male) |
| 27:35 | Create | Villager (Male) ×5 |
| 28:10 | Create | Spearman |
| 28:10 | Create | Spearman |
| 28:10 | Create | Spearman |
| 28:10 | Create | Spearman |
| 28:23 | Create | Spearman |
| 28:24 | Create | Spearman |
| 28:34 | Research | Scale Barding Armor |
| 28:34 | Research | Scale Mail Armor |
| 28:35 | Research | Forging |
| 28:40 | Create | Militia |
| 28:40 | Create | Militia |
| 28:47 | Build | Barracks |
| 29:32 | Create | Spearman |
| 29:32 | Create | Spearman |
| 29:32 | Create | Spearman |
| 29:32 | Create | Spearman |
| 30:00 | Research | Castle Age |
| 30:18 | Create | Spearman |
| 30:18 | Create | Militia |
| 31:19 | Create | Spearman |
| 31:20 | Create | Spearman |
| 31:21 | Create | Militia |
| 31:21 | Create | Militia |
| 31:48 | Create | Villager (Male) |
Build order — Bry.D
First 150 of 507 actions detected
| 0:02 | Create | Villager (Male) |
| 0:03 | Build | House |
| 0:04 | Build | House |
| 0:19 | Create | Villager (Male) |
| 0:25 | Research | Loom |
| 0:25 | Create | Villager (Male) |
| 0:34 | Create | Villager (Male) |
| 0:37 | Create | Villager (Male) |
| 0:38 | Create | Villager (Male) |
| 0:48 | Build | Palisade Wall |
| 1:43 | Create | Villager (Male) |
| 1:57 | Build | Lumber Camp |
| 2:03 | Create | Villager (Male) |
| 2:25 | Create | Villager (Male) |
| 2:57 | Create | Villager (Male) |
| 3:17 | Create | Villager (Male) |
| 3:25 | Build | House |
| 3:44 | Create | Villager (Male) |
| 3:59 | Create | Villager (Male) |
| 4:33 | Create | Villager (Male) |
| 4:33 | Create | Villager (Male) |
| 4:47 | Create | Villager (Male) |
| 4:56 | Build | House |
| 5:06 | Build | House |
| 5:24 | Create | Villager (Male) |
| 5:36 | Build | House |
| 5:47 | Create | Villager (Male) |
| 6:11 | Create | Villager (Male) |
| 7:15 | Create | Villager (Male) |
| 7:25 | Build | Dock |
| 7:44 | Create | Villager (Male) |
| 8:01 | Create | Villager (Male) |
| 8:05 | Build | House |
| 8:10 | Create | Villager (Male) |
| 8:21 | Create | Villager (Male) |
| 8:23 | Create | Fishing Ship |
| 8:34 | Create | Villager (Male) |
| 8:34 | Create | Villager (Male) |
| 8:47 | Build | House |
| 8:48 | Build | House |
| 8:50 | Create | Villager (Male) |
| 8:52 | Create | Fishing Ship |
| 9:25 | Create | Villager (Male) |
| 9:39 | Create | Fishing Ship |
| 10:00 | Build | Dock |
| 10:05 | Research | Feudal Age |
| 10:32 | Build | Mill |
| 10:52 | Create | Fishing Ship |
| 10:53 | Create | Fishing Ship |
| 10:55 | Build | House |
| 11:03 | Build | House |
| 11:04 | Build | House |
| 11:05 | Build | House |
| 11:06 | Build | House |
| 11:07 | Create | Villager (Male) |
| 11:13 | Build | House |
| 11:14 | Build | House |
| 11:15 | Build | House |
| 11:16 | Build | House |
| 11:17 | Build | House |
| 11:17 | Build | House |
| 11:24 | Build | House |
| 11:25 | Build | House |
| 11:53 | Create | Fishing Ship |
| 11:58 | Create | Fishing Ship |
| 12:35 | Age | Feudal Age |
| 12:57 | Create | Villager (Male) |
| 13:00 | Build | Market |
| 13:11 | Build | Blacksmith |
| 13:16 | Create | Villager (Male) |
| 13:45 | Build | Lumber Camp |
| 13:52 | Research | Castle Age |
| 14:11 | Research | Double-Bit Axe |
| 15:01 | Build | Fish Trap |
| 15:06 | Build | Fish Trap |
| 15:09 | Build | Fish Trap |
| 15:14 | Build | Fish Trap |
| 15:20 | Build | Fish Trap |
| 15:31 | Build | Fish Trap |
| 15:54 | Create | Villager (Male) |
| 16:32 | Age | Castle Age |
| 16:34 | Build | Town Center |
| 16:55 | Create | Villager (Male) |
| 16:59 | Build | Fish Trap |
| 16:59 | Create | Villager (Male) |
| 17:08 | Build | Town Center |
| 17:14 | Create | Villager (Male) |
| 17:22 | Create | Villager (Male) |
| 17:48 | Build | Town Center |
| 17:50 | Create | Villager (Male) |
| 17:52 | Research | Horse Collar |
| 18:01 | Research | Bow Saw |
| 18:01 | Research | Bow Saw |
| 18:12 | Research | Tech 906 |
| 18:14 | Create | Villager (Male) ×4 |
| 18:22 | Create | Villager (Male) |
| 18:26 | Build | Farm |
| 18:33 | Build | Lumber Camp |
| 18:35 | Create | Villager (Male) |
| 18:37 | Build | Farm |
| 18:37 | Build | Farm |
| 18:37 | Build | Farm |
| 18:41 | Build | Farm |
| 18:52 | Create | Villager (Male) |
| 18:55 | Build | Farm |
| 18:55 | Build | Farm |
| 18:56 | Build | Farm |
| 19:02 | Build | Farm |
| 19:08 | Create | Fishing Ship |
| 19:15 | Build | House |
| 19:16 | Build | House |
| 19:17 | Build | House |
| 19:18 | Build | House |
| 19:26 | Create | Villager (Male) ×2 |
| 19:31 | Build | Farm |
| 19:33 | Build | Farm |
| 19:35 | Build | Farm |
| 19:36 | Create | Villager (Male) |
| 19:40 | Build | Farm |
| 19:42 | Create | Villager (Male) |
| 19:44 | Build | Farm |
| 19:58 | Build | Farm |
| 19:59 | Create | Villager (Male) |
| 20:15 | Build | Fish Trap |
| 20:18 | Research | Gillnets |
| 20:24 | Create | Villager (Male) |
| 20:26 | Build | Farm |
| 20:33 | Build | Farm |
| 20:33 | Build | Farm |
| 20:33 | Build | Farm |
| 20:43 | Create | Villager (Male) |
| 20:43 | Create | Villager (Male) |
| 20:43 | Create | Villager (Male) |
| 20:50 | Build | House |
| 20:51 | Build | House |
| 20:51 | Build | House |
| 20:54 | Build | House |
| 20:59 | Create | Villager (Male) |
| 21:02 | Create | Villager (Male) |
| 21:04 | Create | Villager (Male) |
| 21:04 | Create | Villager (Male) |
| 21:10 | Create | Villager (Male) |
| 21:17 | Create | Villager (Male) |
| 21:19 | Build | Farm |
| 21:24 | Create | Villager (Male) |
| 21:25 | Create | Villager (Male) |
| 21:26 | Create | Villager (Male) |
| 21:32 | Build | Farm |
| 21:32 | Build | Farm |
| 21:33 | Build | Farm |
Build order — Томас Бэбри
First 150 of 286 actions detected
| 0:01 | Create | Villager (Male) |
| 0:01 | Create | Villager (Male) |
| 0:01 | Create | Villager (Male) |
| 0:02 | Create | Villager (Male) |
| 0:03 | Build | House |
| 0:04 | Build | House |
| 0:06 | Research | Loom |
| 0:25 | Create | Villager (Male) |
| 0:25 | Create | Villager (Male) |
| 0:26 | Create | Villager (Male) |
| 0:44 | Build | Palisade Wall |
| 1:23 | Build | Palisade Wall |
| 1:29 | Build | Palisade Wall |
| 1:42 | Create | Villager (Male) |
| 2:07 | Build | Lumber Camp |
| 2:22 | Create | Villager (Male) |
| 2:40 | Create | Villager (Male) |
| 2:40 | Create | Villager (Male) |
| 3:05 | Create | Villager (Male) |
| 3:05 | Create | Villager (Male) |
| 3:28 | Create | Villager (Male) |
| 3:28 | Create | Villager (Male) |
| 4:06 | Create | Villager (Male) |
| 4:06 | Create | Villager (Male) |
| 4:06 | Create | Villager (Male) |
| 4:47 | Build | Mill |
| 4:51 | Build | House |
| 5:11 | Create | Villager (Male) |
| 5:18 | Build | House |
| 5:22 | Build | House |
| 5:32 | Build | House |
| 5:36 | Create | Villager (Male) |
| 5:42 | Create | Villager (Male) |
| 6:01 | Create | Villager (Male) |
| 6:01 | Create | Villager (Male) |
| 6:35 | Build | Lumber Camp |
| 6:50 | Create | Villager (Male) |
| 7:16 | Create | Villager (Male) |
| 7:16 | Create | Villager (Male) |
| 7:32 | Create | Villager (Male) |
| 7:34 | Create | Villager (Male) |
| 7:57 | Build | House |
| 7:58 | Build | House |
| 8:03 | Create | Villager (Male) |
| 8:35 | Build | Mining Camp |
| 9:18 | Research | Feudal Age |
| 9:45 | Create | Villager (Male) |
| 9:45 | Create | Villager (Male) |
| 9:53 | Create | Villager (Male) |
| 10:22 | Create | Villager (Male) |
| 11:28 | Age | Feudal Age |
| 11:31 | Build | Market |
| 11:36 | Build | Blacksmith |
| 12:05 | Build | Stone Wall |
| 12:08 | Build | Stone Wall |
| 12:12 | Build | Stone Wall |
| 12:20 | Create | Villager (Male) |
| 12:24 | Research | Double-Bit Axe |
| 12:27 | Research | Horse Collar |
| 12:45 | Create | Villager (Male) |
| 13:15 | Create | Villager (Male) |
| 13:15 | Create | Villager (Male) |
| 13:50 | Build | Mill |
| 14:05 | Build | Mining Camp |
| 14:08 | Research | Wheelbarrow |
| 14:16 | Build | Farm |
| 14:18 | Build | Farm |
| 14:20 | Build | Farm |
| 14:21 | Build | Farm |
| 14:22 | Build | Farm |
| 15:28 | Create | Villager (Male) |
| 15:28 | Create | Villager (Male) |
| 15:38 | Build | Barracks |
| 15:42 | Create | Villager (Male) |
| 15:49 | Build | Stone Wall |
| 15:52 | Build | Stone Wall |
| 15:58 | Create | Villager (Male) |
| 16:48 | Build | House |
| 16:49 | Build | House |
| 16:50 | Build | House |
| 16:51 | Build | House |
| 16:55 | Build | Farm |
| 16:56 | Build | Farm |
| 16:57 | Build | Farm |
| 16:59 | Build | Farm |
| 17:19 | Build | Archery Range |
| 17:22 | Build | Archery Range |
| 17:27 | Create | Villager (Male) |
| 17:29 | Create | Villager (Male) |
| 17:58 | Build | Building 490 |
| 18:03 | Build | Stone Wall |
| 18:04 | Build | Stone Wall |
| 18:16 | Create | Villager (Male) |
| 18:29 | Build | Stone Wall |
| 18:31 | Build | Stone Wall |
| 18:35 | Research | Castle Age |
| 19:13 | Create | Villager (Male) |
| 19:16 | Create | Archer ×5 |
| 19:21 | Research | Fletching |
| 19:22 | Research | Padded Archer Armor |
| 19:30 | Create | Villager (Male) |
| 19:31 | Create | Villager (Male) |
| 20:06 | Create | Archer |
| 20:31 | Build | Stone Wall |
| 20:52 | Research | Gold Mining |
| 20:54 | Research | Stone Mining |
| 20:57 | Create | Villager (Male) |
| 21:22 | Age | Castle Age |
| 21:46 | Research | Crossbowman (upgrade) |
| 21:46 | Create | Archer ×5 |
| 21:52 | Research | Bodkin Arrow |
| 21:56 | Create | Villager (Male) |
| 21:56 | Create | Villager (Male) |
| 21:56 | Create | Villager (Male) |
| 22:00 | Build | Farm |
| 22:02 | Build | Farm |
| 22:03 | Build | Farm |
| 22:04 | Build | Farm |
| 22:05 | Build | Farm |
| 22:06 | Build | Farm |
| 22:07 | Build | Farm |
| 22:12 | Build | Farm |
| 22:13 | Create | Villager (Male) |
| 22:26 | Build | Stone Wall |
| 22:29 | Build | Stone Wall |
| 22:33 | Create | Villager (Male) |
| 22:49 | Create | Archer ×5 |
| 23:01 | Research | Bow Saw |
| 23:13 | Build | House |
| 23:20 | Build | House |
| 23:21 | Build | House |
| 23:22 | Build | House |
| 25:07 | Create | Villager (Male) |
| 25:07 | Create | Villager (Male) |
| 25:11 | Build | University |
| 25:14 | Build | Monastery |
| 26:09 | Research | Ballistics |
| 26:09 | Research | Fortified Wall (upgrade) |
| 26:11 | Create | Villager (Male) |
| 26:11 | Create | Villager (Male) |
| 26:11 | Create | Villager (Male) |
| 26:12 | Create | Villager (Male) |
| 26:12 | Create | Villager (Male) |
| 26:15 | Create | Villager (Male) |
| 27:28 | Create | Villager (Male) |
| 27:30 | Research | Imperial Age |
| 27:37 | Build | Town Center |
| 27:46 | Build | Town Center |
| 28:34 | Create | Villager (Male) |
| 28:34 | Research | Hand Cart |
Build order — InnerFire
First 150 of 422 actions detected
| 0:01 | Create | Villager (Male) |
| 0:01 | Create | Villager (Male) |
| 0:02 | Build | House |
| 0:04 | Build | House |
| 0:43 | Create | Villager (Male) |
| 0:43 | Create | Villager (Male) |
| 1:29 | Create | Villager (Male) |
| 1:30 | Create | Villager (Male) |
| 1:48 | Build | Lumber Camp |
| 2:12 | Create | Villager (Male) |
| 2:13 | Create | Villager (Male) |
| 2:29 | Create | Villager (Male) |
| 2:29 | Create | Villager (Male) |
| 2:58 | Create | Villager (Male) |
| 2:58 | Create | Villager (Male) |
| 3:04 | Build | House |
| 3:06 | Build | House |
| 3:13 | Create | Villager (Male) |
| 3:13 | Create | Villager (Male) |
| 3:43 | Build | House |
| 3:52 | Create | Villager (Male) |
| 3:52 | Create | Villager (Male) |
| 4:08 | Create | Villager (Male) |
| 4:09 | Create | Villager (Male) |
| 4:38 | Research | Loom |
| 4:38 | Research | Loom |
| 5:39 | Create | Villager (Male) |
| 5:39 | Create | Villager (Male) |
| 5:40 | Create | Villager (Male) |
| 5:40 | Create | Villager (Male) |
| 6:07 | Create | Villager (Male) |
| 6:08 | Create | Villager (Male) |
| 6:17 | Create | Villager (Male) |
| 6:32 | Create | Villager (Male) |
| 6:33 | Create | Villager (Male) |
| 6:44 | Create | Villager (Male) |
| 8:00 | Build | Mill |
| 8:37 | Create | Villager (Male) |
| 8:37 | Create | Villager (Male) |
| 9:16 | Research | Feudal Age |
| 9:35 | Build | Barracks |
| 9:59 | Build | Mining Camp |
| 10:08 | Create | Militia |
| 10:08 | Create | Militia |
| 10:22 | Create | Militia |
| 10:23 | Create | Militia |
| 11:01 | Create | Militia |
| 11:01 | Create | Militia |
| 11:16 | Create | Villager (Male) |
| 11:16 | Create | Villager (Male) |
| 11:16 | Create | Villager (Male) |
| 11:16 | Create | Villager (Male) |
| 11:35 | Create | Militia |
| 11:35 | Create | Militia |
| 11:35 | Create | Militia |
| 11:37 | Age | Feudal Age |
| 11:53 | Create | Villager (Male) |
| 11:53 | Create | Villager (Male) |
| 12:12 | Create | Militia |
| 12:13 | Create | Militia |
| 12:17 | Research | Double-Bit Axe |
| 12:39 | Build | House |
| 12:44 | Research | Wheelbarrow |
| 13:11 | Create | Villager (Male) |
| 13:14 | Create | Militia |
| 13:15 | Create | Militia |
| 13:22 | Build | House |
| 13:25 | Build | Blacksmith |
| 13:48 | Create | Villager (Male) |
| 13:57 | Create | Militia |
| 13:58 | Create | Militia |
| 13:58 | Create | Militia |
| 14:03 | Research | Forging |
| 14:16 | Build | Lumber Camp |
| 14:31 | Create | Militia |
| 14:31 | Create | Militia |
| 14:48 | Create | Villager (Male) |
| 14:48 | Create | Villager (Male) |
| 14:48 | Create | Villager (Male) |
| 15:34 | Create | Villager (Male) |
| 15:39 | Build | Farm |
| 15:40 | Build | Farm |
| 15:41 | Build | Farm |
| 15:42 | Build | Farm |
| 15:52 | Research | Horse Collar |
| 15:56 | Build | Farm |
| 15:56 | Build | Farm |
| 16:22 | Create | Spearman |
| 16:29 | Build | Farm |
| 16:30 | Build | Farm |
| 16:30 | Build | Farm |
| 16:31 | Build | Farm |
| 16:32 | Build | Farm |
| 16:58 | Create | Villager (Male) |
| 16:59 | Create | Villager (Male) |
| 17:03 | Build | Farm |
| 17:04 | Build | Farm |
| 17:05 | Build | Farm |
| 17:08 | Build | Mill |
| 17:22 | Create | Villager (Male) |
| 17:22 | Create | Villager (Male) |
| 17:34 | Build | Farm |
| 17:35 | Build | Farm |
| 17:57 | Create | Villager (Male) |
| 17:57 | Create | Villager (Male) |
| 17:59 | Build | Farm |
| 18:00 | Build | Farm |
| 18:11 | Research | Scale Mail Armor |
| 18:30 | Create | Militia |
| 18:31 | Create | Militia |
| 18:31 | Create | Militia |
| 18:34 | Build | House |
| 18:35 | Build | House |
| 18:42 | Create | Villager (Male) |
| 18:42 | Create | Villager (Male) |
| 19:05 | Create | Villager (Male) |
| 19:05 | Create | Villager (Male) |
| 19:10 | Build | Farm |
| 19:11 | Build | Farm |
| 19:12 | Create | Villager (Male) |
| 19:23 | Build | Farm |
| 19:24 | Build | Farm |
| 19:25 | Build | Farm |
| 19:26 | Build | Farm |
| 19:28 | Create | Villager (Male) |
| 19:28 | Create | Villager (Male) |
| 19:33 | Build | Farm |
| 19:34 | Build | Farm |
| 19:34 | Build | Farm |
| 19:35 | Build | Farm |
| 19:39 | Build | Palisade Wall |
| 19:51 | Build | Palisade Wall |
| 19:53 | Build | Building 804 |
| 20:15 | Build | Farm |
| 20:16 | Build | Farm |
| 20:17 | Build | Farm |
| 20:18 | Create | Villager (Male) |
| 20:44 | Build | Farm |
| 20:51 | Build | Palisade Wall |
| 21:03 | Create | Militia |
| 21:04 | Create | Militia |
| 21:04 | Create | Militia |
| 21:13 | Create | Villager (Male) |
| 21:14 | Create | Villager (Male) |
| 21:15 | Build | Farm |
| 21:16 | Build | Farm |
| 21:20 | Create | Militia |
| 21:20 | Create | Militia |
| 21:43 | Build | Farm |
| 22:19 | Build | Palisade Wall |
Build order — Прекрасный
First 150 of 309 actions detected
| 0:02 | Research | Loom |
| 0:03 | Create | Villager (Male) |
| 0:05 | Build | House |
| 1:02 | Build | House |
| 1:05 | Build | Palisade Wall |
| 1:08 | Build | Palisade Wall |
| 1:12 | Create | Villager (Male) |
| 1:12 | Create | Villager (Male) |
| 1:13 | Create | Villager (Male) |
| 2:22 | Create | Villager (Male) |
| 2:22 | Create | Villager (Male) |
| 3:01 | Create | Villager (Male) |
| 3:01 | Create | Villager (Male) |
| 3:22 | Create | Villager (Male) |
| 3:35 | Build | House |
| 3:39 | Build | House |
| 3:58 | Create | Villager (Male) |
| 3:59 | Create | Villager (Male) |
| 4:11 | Build | House |
| 5:19 | Create | Villager (Male) |
| 5:19 | Create | Villager (Male) |
| 5:19 | Create | Villager (Male) |
| 5:48 | Build | Palisade Wall |
| 6:09 | Create | Villager (Male) |
| 6:13 | Create | Villager (Male) |
| 6:13 | Create | Villager (Male) |
| 6:31 | Build | Mill |
| 6:37 | Create | Villager (Male) |
| 6:38 | Create | Villager (Male) |
| 7:05 | Create | Villager (Male) |
| 7:05 | Create | Villager (Male) |
| 7:21 | Build | Mule Cart |
| 7:34 | Create | Villager (Male) |
| 7:34 | Create | Villager (Male) |
| 7:35 | Create | Villager (Male) |
| 8:07 | Create | Villager (Male) |
| 8:08 | Create | Villager (Male) |
| 8:25 | Build | Mule Cart |
| 9:04 | Create | Villager (Male) |
| 9:34 | Build | Mule Cart |
| 9:36 | Create | Villager (Male) |
| 10:18 | Create | Villager (Male) |
| 10:33 | Research | Feudal Age |
| 11:07 | Build | Barracks |
| 11:50 | Build | House |
| 11:51 | Build | House |
| 11:58 | Build | House |
| 12:02 | Create | Villager (Male) |
| 12:37 | Create | Militia |
| 12:37 | Create | Militia |
| 12:37 | Create | Militia |
| 12:38 | Create | Militia |
| 12:38 | Create | Militia |
| 12:38 | Create | Militia |
| 12:54 | Age | Feudal Age |
| 12:55 | Create | Militia |
| 12:55 | Create | Militia |
| 13:00 | Create | Villager (Male) |
| 13:01 | Create | Villager (Male) |
| 13:03 | Research | Horse Collar |
| 13:04 | Research | Horse Collar |
| 13:07 | Research | Double-Bit Axe |
| 13:07 | Research | Double-Bit Axe |
| 13:16 | Create | Villager (Male) |
| 13:54 | Create | Villager (Male) |
| 13:59 | Build | Farm |
| 13:59 | Build | Farm |
| 14:01 | Build | Farm |
| 14:03 | Build | Farm |
| 14:04 | Build | Farm |
| 14:23 | Build | Mule Cart |
| 14:26 | Research | Man-at-Arms (upgrade) |
| 14:40 | Build | Farm |
| 14:52 | Create | Militia |
| 15:41 | Create | Militia |
| 15:54 | Create | Militia |
| 15:54 | Create | Militia |
| 15:57 | Build | Barracks |
| 16:02 | Build | Blacksmith |
| 17:08 | Research | Forging |
| 17:08 | Research | Scale Mail Armor |
| 17:19 | Create | Villager (Male) |
| 17:23 | Build | Farm |
| 17:23 | Build | Farm |
| 17:24 | Build | Farm |
| 17:39 | Research | Long Swordsman (upgrade) |
| 17:40 | Create | Militia |
| 17:41 | Create | Militia |
| 18:08 | Create | Militia |
| 18:08 | Create | Militia |
| 18:24 | Create | Militia |
| 18:24 | Create | Militia |
| 18:39 | Create | Villager (Male) |
| 18:40 | Create | Villager (Male) |
| 18:43 | Build | Farm |
| 18:45 | Build | Farm |
| 18:48 | Build | Farm |
| 18:49 | Build | Farm |
| 18:56 | Build | Farm |
| 19:04 | Build | Farm |
| 19:06 | Build | Farm |
| 19:27 | Build | Stone Wall |
| 19:30 | Build | Building 673 |
| 19:42 | Build | Farm |
| 19:45 | Build | Farm |
| 19:48 | Build | Farm |
| 19:51 | Research | Wheelbarrow |
| 19:54 | Create | Villager (Male) |
| 21:19 | Create | Militia ×5 |
| 21:21 | Create | Militia ×4 |
| 21:43 | Create | Villager (Male) |
| 21:45 | Create | Villager (Male) |
| 21:46 | Create | Villager (Male) |
| 21:54 | Build | Farm |
| 22:33 | Research | Arson |
| 22:35 | Research | Pikeman (upgrade) |
| 22:43 | Build | House |
| 22:44 | Build | House |
| 22:44 | Build | House |
| 22:45 | Build | House |
| 23:14 | Create | Villager (Male) |
| 23:14 | Create | Villager (Male) |
| 23:20 | Create | Spearman ×5 |
| 23:23 | Create | Militia ×2 |
| 24:40 | Build | Stone Wall |
| 24:42 | Build | Stone Wall |
| 25:23 | Create | Villager (Male) |
| 25:23 | Create | Villager (Male) |
| 25:35 | Research | Town Watch |
| 25:39 | Build | Market |
| 25:43 | Create | Villager (Male) |
| 25:44 | Create | Villager (Male) |
| 25:47 | Research | Gold Mining |
| 25:48 | Research | Stone Mining |
| 25:53 | Build | Mule Cart |
| 26:52 | Research | Castle Age |
| 27:02 | Build | House |
| 27:03 | Build | House |
| 27:04 | Build | House |
| 27:04 | Build | House |
| 27:04 | Build | House |
| 27:04 | Build | House |
| 27:05 | Build | House |
| 28:30 | Build | Barracks |
| 28:42 | Create | Militia ×5 |
| 28:49 | Create | Militia ×5 |
| 29:32 | Age | Castle Age |
| 29:36 | Build | Siege Workshop |
| 29:40 | Research | Squires |
| 29:41 | Create | Militia ×3 |
Build order — Pedro9.2
First 150 of 174 actions detected
| 0:06 | Build | House |
| 0:09 | Create | Villager (Male) |
| 0:09 | Create | Villager (Male) |
| 0:24 | Create | Villager (Male) |
| 0:24 | Create | Villager (Male) |
| 1:02 | Build | House |
| 1:35 | Build | House |
| 1:40 | Build | House |
| 1:42 | Create | Villager (Male) |
| 1:42 | Create | Villager (Male) |
| 2:06 | Create | Villager (Male) |
| 2:51 | Create | Villager (Male) |
| 2:51 | Create | Villager (Male) |
| 2:51 | Create | Villager (Male) |
| 4:12 | Create | Villager (Male) |
| 4:12 | Create | Villager (Male) |
| 4:12 | Create | Villager (Male) |
| 4:47 | Build | Mill |
| 6:06 | Create | Villager (Male) |
| 6:06 | Create | Villager (Male) |
| 6:12 | Create | Villager (Male) |
| 6:12 | Create | Villager (Male) |
| 6:13 | Create | Villager (Male) |
| 6:13 | Create | Villager (Male) |
| 6:16 | Create | Villager (Male) |
| 6:16 | Create | Villager (Male) |
| 6:17 | Create | Villager (Male) |
| 6:42 | Build | House |
| 6:50 | Build | House |
| 6:53 | Build | House |
| 7:37 | Create | Villager (Male) |
| 7:37 | Create | Villager (Male) |
| 8:18 | Create | Villager (Male) |
| 8:27 | Build | Mining Camp |
| 8:46 | Build | Lumber Camp |
| 8:56 | Create | Villager (Male) |
| 8:56 | Create | Villager (Male) |
| 9:16 | Create | Villager (Male) |
| 9:16 | Create | Villager (Male) |
| 10:02 | Create | Villager (Male) |
| 10:39 | Build | Mill |
| 11:30 | Research | Feudal Age |
| 11:30 | Research | Feudal Age |
| 12:10 | Build | Mill |
| 12:47 | Create | Villager (Male) |
| 12:47 | Create | Villager (Male) |
| 13:09 | Build | House |
| 13:12 | Build | House |
| 13:24 | Build | Dock |
| 13:35 | Build | House |
| 13:37 | Build | House |
| 13:39 | Build | House |
| 13:40 | Age | Feudal Age |
| 13:41 | Build | House |
| 13:43 | Build | House |
| 13:45 | Build | House |
| 13:51 | Create | Villager (Male) |
| 13:51 | Create | Villager (Male) |
| 13:51 | Create | Villager (Male) |
| 13:52 | Create | Villager (Male) |
| 14:39 | Create | Villager (Male) |
| 14:39 | Create | Villager (Male) |
| 14:44 | Build | Lumber Camp |
| 15:08 | Create | Villager (Male) |
| 15:08 | Create | Villager (Male) |
| 15:35 | Build | Mining Camp |
| 15:52 | Build | Farm |
| 15:59 | Build | Farm |
| 16:00 | Create | Villager (Male) |
| 16:45 | Build | House |
| 16:47 | Build | House |
| 16:49 | Build | House |
| 16:52 | Build | House |
| 16:57 | Build | House |
| 16:59 | Build | House |
| 17:02 | Build | House |
| 17:05 | Build | House |
| 17:07 | Build | House |
| 17:10 | Build | House |
| 17:13 | Build | House |
| 17:15 | Build | House |
| 17:18 | Build | House |
| 17:19 | Create | Villager (Male) |
| 17:20 | Create | Villager (Male) |
| 17:25 | Build | Farm |
| 17:30 | Build | Farm |
| 17:40 | Build | Farm |
| 17:51 | Build | Farm |
| 18:05 | Build | Farm |
| 18:11 | Build | Farm |
| 18:28 | Build | Stone Wall |
| 18:35 | Create | Villager (Male) |
| 18:40 | Create | Fishing Ship |
| 18:41 | Create | Fishing Ship |
| 18:56 | Build | Farm |
| 19:10 | Build | Farm |
| 19:31 | Create | Villager (Male) |
| 19:35 | Build | Farm |
| 19:42 | Create | Villager (Male) |
| 19:42 | Create | Villager (Male) |
| 19:46 | Research | Gold Mining |
| 19:48 | Research | Stone Mining |
| 20:01 | Build | Farm |
| 20:14 | Research | Double-Bit Axe |
| 20:17 | Create | Villager (Male) |
| 20:26 | Build | Farm |
| 20:31 | Create | Villager (Male) |
| 21:09 | Research | Horse Collar |
| 21:16 | Build | Farm |
| 21:30 | Create | Villager (Male) |
| 21:30 | Create | Villager (Male) |
| 21:41 | Build | Farm |
| 22:05 | Create | Villager (Male) |
| 22:10 | Build | Farm |
| 22:17 | Create | Villager (Male) |
| 22:31 | Build | Farm |
| 22:40 | Create | Villager (Male) |
| 22:57 | Build | Farm |
| 23:15 | Create | Villager (Male) |
| 23:35 | Build | Market |
| 23:42 | Build | Farm |
| 23:50 | Build | Blacksmith |
| 23:55 | Create | Villager (Male) |
| 23:55 | Create | Villager (Male) |
| 24:19 | Build | Farm |
| 24:29 | Create | Villager (Male) |
| 24:38 | Build | Farm |
| 24:44 | Build | Farm |
| 24:56 | Build | Farm |
| 25:07 | Build | Farm |
| 25:09 | Research | Castle Age |
| 25:09 | Research | Castle Age |
| 25:22 | Build | Barracks |
| 26:20 | Build | Stable |
| 26:23 | Build | Stable |
| 26:46 | Create | Villager (Male) |
| 26:46 | Create | Villager (Male) |
| 26:47 | Create | Villager (Male) |
| 26:47 | Create | Villager (Male) |
| 27:13 | Build | Lumber Camp |
| 27:20 | Research | Bloodlines |
| 27:25 | Create | Trade Cart |
| 27:25 | Create | Trade Cart |
| 27:25 | Create | Trade Cart |
| 27:26 | Create | Trade Cart |
| 27:26 | Create | Trade Cart |
| 27:26 | Create | Trade Cart |
| 27:49 | Age | Castle Age |
| 27:52 | Research | Man-at-Arms (upgrade) |
| 27:53 | Research | Squires |
Match timeline
| 0:44 | Томас Бэбри · wall_segment Palisade Wall x8 |
| 0:48 | Bry.D · wall_segment Palisade Wall x7 |
| 1:05 | Прекрасный · wall_segment Palisade Wall x1 |
| 1:08 | Прекрасный · wall_segment Palisade Wall x7 |
| 1:23 | Томас Бэбри · wall_segment Palisade Wall x4 |
| 1:29 | Томас Бэбри · wall_segment Palisade Wall x3 |
| 2:51 | King Den · wall_segment Palisade Wall x6 |
| 4:20 | King Den · wall_segment Palisade Wall x1 |
| 5:48 | Прекрасный · wall_segment Palisade Wall x3 |
| 7:25 | Bry.D · first_building Dock |
| 9:35 | InnerFire · first_building Barracks |
| 11:07 | Прекрасный · first_building Barracks |
| 11:28 | Томас Бэбри · age_up feudal |
| 11:37 | InnerFire · age_up feudal |
| 12:05 | Томас Бэбри · wall_segment Stone Wall x5 |
| 12:08 | Томас Бэбри · wall_segment Stone Wall x5 |
| 12:12 | Томас Бэбри · wall_segment Stone Wall x4 |
| 12:35 | Bry.D · age_up feudal |
| 12:54 | Прекрасный · age_up feudal |
| 13:24 | Pedro9.2 · first_building Dock |
| 13:40 | Pedro9.2 · age_up feudal |
| 13:51 | Bry.D · first_market_sell 100 food |
| 15:38 | Томас Бэбри · first_building Barracks |
| 15:49 | Томас Бэбри · wall_segment Stone Wall x5 |
| 15:52 | Томас Бэбри · wall_segment Stone Wall x5 |
| 16:32 | Bry.D · age_up castle |
| 17:19 | Томас Бэбри · first_building Archery Range |
| 17:22 | Bry.D · first_market_buy 100 stone |
| 17:52 | King Den · age_up feudal |
| 18:03 | Томас Бэбри · wall_segment Stone Wall x4 |
| 18:04 | Томас Бэбри · wall_segment Stone Wall x5 |
| 18:28 | Pedro9.2 · wall_segment Stone Wall x5 |
| 18:29 | Томас Бэбри · wall_segment Stone Wall x5 |
| 18:31 | Томас Бэбри · wall_segment Stone Wall x5 |
| 19:27 | King Den · wall_segment Stone Wall x7 |
| 19:27 | Прекрасный · wall_segment Stone Wall x12 |
| 19:39 | InnerFire · wall_segment Palisade Wall x8 |
| 19:43 | King Den · wall_segment Stone Wall x7 |
| 19:51 | InnerFire · wall_segment Palisade Wall x11 |
| 20:31 | Томас Бэбри · wall_segment Stone Wall x9 |
| 20:51 | InnerFire · wall_segment Palisade Wall x7 |
| 21:22 | Томас Бэбри · age_up castle |
| 22:19 | InnerFire · wall_segment Palisade Wall x1 |
| 22:26 | Томас Бэбри · wall_segment Stone Wall x8 |
| 22:29 | Томас Бэбри · wall_segment Stone Wall x4 |
| 22:39 | King Den · wall_segment Stone Wall x7 |
| 22:46 | InnerFire · first_building Stable |
| 22:59 | Bry.D · wall_segment Palisade Wall x7 |
| 23:02 | Bry.D · wall_segment Palisade Wall x8 |
| 23:36 | King Den · first_building Barracks |
| 24:40 | Прекрасный · wall_segment Stone Wall x17 |
| 24:42 | Прекрасный · wall_segment Stone Wall x14 |
| 25:14 | Томас Бэбри · first_building Monastery |
| 25:22 | Pedro9.2 · first_building Barracks |
| 25:23 | Bry.D · first_building Siege Workshop |
| 25:33 | Bry.D · first_building Monastery |
| 26:08 | InnerFire · age_up castle |
| 26:14 | King Den · wall_segment Stone Wall x9 |
| 26:20 | Pedro9.2 · first_building Stable |
| 26:27 | King Den · wall_segment Stone Wall x15 |
| 27:37 | Bry.D · first_building Barracks |
| 27:44 | Bry.D · first_building Castle |
| 27:49 | Pedro9.2 · age_up castle |
| 29:21 | Pedro9.2 · resign |
| 29:32 | Прекрасный · age_up castle |
| 29:34 | Bry.D · age_up imperial |
| 29:36 | Прекрасный · first_building Siege Workshop |
| 30:28 | Прекрасный · first_market_sell 100 food |
| 30:45 | Прекрасный · first_building Monastery |
| 32:16 | Томас Бэбри · age_up imperial |
| 32:25 | Томас Бэбри · first_market_sell 100 wood |
| 32:25 | Томас Бэбри · first_market_buy 100 food |
| 32:37 | King Den · age_up castle |
| 33:06 | InnerFire · first_building Krepost |
| 33:36 | InnerFire · first_building Siege Workshop |
| 33:46 | King Den · first_building Siege Workshop |
| 34:10 | Томас Бэбри · wall_segment Stone Wall x10 |
| 35:51 | Томас Бэбри · first_building Castle |
| 40:03 | InnerFire · first_building Monastery |
| 40:04 | Томас Бэбри · wall_segment Stone Wall x12 |
| 40:06 | Томас Бэбри · wall_segment Stone Wall x12 |
| 41:21 | King Den · first_market_buy 100 wood |
| 41:22 | Томас Бэбри · tribute_sent a jugador 1 |
| 41:22 | Томас Бэбри · tribute_sent a jugador 3 |
| 41:22 | Томас Бэбри · tribute_sent a jugador 4 |
| 41:22 | Томас Бэбри · tribute_sent a jugador 5 |
| 41:22 | Томас Бэбри · tribute_sent a jugador 6 |
| 41:39 | InnerFire · wall_segment Palisade Wall x3 |
| 42:59 | King Den · first_building Monastery |
| 43:20 | King Den · tribute_sent a jugador 1 |
| 43:20 | King Den · tribute_sent a jugador 2 |
| 43:20 | King Den · tribute_sent a jugador 3 |
| 43:20 | King Den · tribute_sent a jugador 4 |
| 43:20 | King Den · tribute_sent a jugador 5 |
| 43:32 | Томас Бэбри · wall_segment Stone Wall x12 |
| 43:54 | King Den · first_market_sell 500 food |
| 44:20 | InnerFire · wall_segment Palisade Wall x5 |
| 44:22 | InnerFire · wall_segment Palisade Wall x4 |
| 44:25 | Прекрасный · first_building Castle |
| 45:33 | Прекрасный · wall_segment Stone Wall x12 |
| 46:52 | Томас Бэбри · tribute_sent a jugador 1 |
| 46:52 | Томас Бэбри · tribute_sent a jugador 3 |
| 46:52 | Томас Бэбри · tribute_sent a jugador 4 |
| 46:52 | Томас Бэбри · tribute_sent a jugador 5 |
| 46:52 | Томас Бэбри · tribute_sent a jugador 6 |
| 48:28 | Прекрасный · age_up imperial |
[ AI ANALYSIS · 1 CREDIT ]
What really happened in this match?
Wolo.gg analyzes every decision: build order, eco, micro, common mistakes by bracket. Personalized analysis on WhatsApp or Discord in 30 seconds.
Civ guide
Persians
Map guide
Black Forest
Perfil
Jugador #20455321